 Dungeon Crawl Stone Soup version 0.26.1-11-gd32895ea62 (webtiles) character file.

Game seed: 12012174412242753669

1054 infcreate the Sneak (level 8, 44/44 HPs)
             Began as a Vampire Enchanter on Apr 29, 2021.
             Was an Initiate of Dithmenos.
             Quit the game on level 6 of the Dungeon.
             The game lasted 00:24:23 (7403 turns).

infcreate the Sneak (Vampire Enchanter)             Turns: 7403, Time: 00:24:24

Health: 44/44      AC:  8    Str:  7    XL:     8   Next: 5%
Magic:  12/12      EV: 15    Int: 17    God:    Dithmenos [......]
Gold:   285        SH:  0    Dex: 17    Spells: 1/13 levels left

rFire    . . .     SeeInvis +   q - +2 dagger (venom)
rCold    + + .     Faith    .   (no shield)
rNeg     + + +     Spirit   .   p - +2 robe {Will+}
rPois    ∞         Reflect  .   l - +1 hat
rElec    .         Harm     .   u - +2 cloak
rCorr    .         Rampage  .   (no gloves)
Will     +....                  (no boots)
Stlth    ++++++....             (no amulet)
HPRegen  0.14/turn              (no ring)
MPRegen  0.13/turn              (no ring)

@: bloodless
A: fangs 3, see invisible, unbreathing
a: Bat Form, Revivify, Renounce Religion


You were on level 6 of the Dungeon.
You worshipped Dithmenos.
Dithmenos was noncommittal.
You visited 2 branches of the dungeon, and saw 7 of its levels.

You collected 285 gold pieces.


Innate Abilities, Weirdness & Mutations

You do not regenerate when monsters are visible.
You are frail without blood (-20% HP).
You can heal yourself when you bite living creatures.
You are immune to poison.
You have razor-sharp teeth.
You have supernaturally acute eyesight. (SInv)
You can survive without breathing.


   Skills:
 + Level 2.3 Fighting
 * Level 4.5 Short Blades
 * Level 5.0 Dodging
 * Level 7.9 Stealth
 + Level 3.3 Spellcasting
 * Level 7.5 Hexes


You had one spell level left.
You knew the following spells:

 Your Spells              Type           Power        Failure   Level
c - Corona                Hex            31%          1%          1
d - Tukima's Dance        Hex            28%          2%          3
e - Ensorcelled Hibernat  Hex/Ice        30%          5%          2
f - Dazzling Flash        Conj/Hex       30%          11%         3
t - Confusing Touch       Hex            28%          2%          3

Your spell library contained the following spells:

 Spells                   Type           Power        Failure   Level


Inventory:

Hand Weapons
 i - a +2 short sword of flaming
 q - a +2 dagger of venom (weapon)
Armour
 l - a +1 hat (worn)
 p - a +2 robe of willpower (worn)
 u - a +2 cloak (worn)
Jewellery
 s - an uncursed ring of protection from fire {unknown}
Wands
 b - a wand of polymorph (7)
 n - a wand of flame (15)
Scrolls
 d - 4 scrolls of remove curse {@r2}
 e - 4 scrolls of identify {@r1}
 g - 2 scrolls of fog
 t - a scroll of blinking {unknown}
Potions
 a - 2 potions of attraction
 c - a potion of resistance {unknown}
 f - 2 potions of magic
 h - a potion of might {unknown}
 j - a potion of heal wounds {@q2}
 k - a potion of degeneration {unknown}
 m - 2 potions of curing {@q1}
 o - 2 potions of flight
 r - a potion of ambrosia {unknown}

Dungeon Overview and Level Annotations

Branches:
Dungeon (6/15)             Temple (1/1) D:6

Altars:
Ashenzari
Cheibriados
Dithmenos
Elyvilon
Fedhas
Gozag
Hepliaklqana
Makhleb
Nemelex Xobeh
Okawaru
Qazlal
Ru
Sif Muna
Trog
Uskayaw
Vehumet
Wu Jian
Xom
Yredelemnul
Zin
The Shining One

#....<...####
#.......#...###
##......#.....+
##......'.....#
#####..>....#.....#
...........#.....#
#.#......▒..#.....#
#.....▒.▒▒▒.#.....#
.▒▒.@▒▒▒.###+###
▒▒...▒▒(.#
▒....▒▒.##
▒▒.>..▒..#
▒.....▒.......
▒...▒▒.........
#....▒▒▒▒........
#.##. ▒....... #.
## .......


There were no monsters in sight!


Message History

There is a staircase back to the Dungeon here.
Found three altars.
Found a radiant altar of Vehumet.
Found a broken altar of Ashenzari.
There is a fountain of clear blue water here.
Found a glowing silver altar of Zin.
Found a burning altar of Makhleb.
There is a glowing silver altar of Zin here.
Found a basalt altar of Yredelemnul.
Found a glowing golden altar of the Shining One.
There is a burning altar of Makhleb here.
Found a sacrificial altar of Ru and a sparkling altar of Nemelex Xobeh.
Found a stormy altar of Qazlal.
Found a shimmering blue altar of Sif Muna.
There is a sparkling altar of Nemelex Xobeh here.
Found an ornate altar of the Wu Jian Council.
Found a hide-covered altar of Uskayaw.
There is a broken altar of Ashenzari here.
Found a shadowy altar of Dithmenos.
There is a hide-covered altar of Uskayaw here.
Found a hazy altar of Hepliaklqana.
Found a blossoming altar of Fedhas.
There is a shadowy altar of Dithmenos here.
You kneel at the altar of Dithmenos.
Dithmenos welcomes you!
There is a shimmering altar of Xom here.
There is a staircase back to the Dungeon here.
You climb upwards.
Welcome back to the Dungeon!
There is a staircase to the Ecumenical Temple here.
Are you sure you want to abandon this character and quit the game? (Confirm with "yes".)

Skill      XL: |  1  2  3  4  5  6  7  8 |
---------------+-------------------------+-----
Stealth        | 5 6 7 |  7.9
Hexes          | 5 6 7 |  7.5
Short Blades   | 2 3 4 |  4.5
Dodging        | 3 4 5 |  5.0
Fighting       | 1 2 |  2.3
Spellcasting   | 3 |  3.3

Action                   |  1- 3 |  4- 6 |  7- 9 || total
-------------------------+-------+-------+-------++-------
Melee: Dagger            |    96 |    46 |    54 ||   196
       Bite              |     4 |     5 |     5 ||    14
       Short sword       |    14 |    43 |       ||    57
 Cast: Corona            |    23 |     8 |     1 ||    32
       Ensorcelled Hiber |    19 |    33 |    21 ||    73
       Confusing Touch   |       |     5 |     4 ||     9
       Tukima's Dance    |       |       |     5 ||     5
 Abil: Exsanguinate      |     1 |       |       ||     1
  Use: Scroll            |     2 |     3 |     3 ||     8
       Potion            |       |       |     4 ||     4
 Stab: Sleeping          |    25 |    32 |    12 ||    69
       Confused          |       |     5 |     2 ||     7
Armor: Robe              |    21 |     5 |    15 ||    41
Dodge: Dodged            |    64 |    33 |    37 ||   134

Levels and vault maps discovered:
D:1:      kilobyte_arrival_exit_the_forest, layout_basic, minmay_pentomino_o4
D:2:      layout_basic
D:3:      layout_basic, grunt_ministairs_5, uniq_terence, uniq_jessica
D:4:      layout_loops_ring, serial_bayou_pond_e, okawaru_gym_becter
D:5:      layout_layer_cave, xom_teletrap_fun
D:6:      layout_gridville, minmay_temple_entry_wispy
Temple:   grunt_wide_crystal_templ

Notes
Turn   | Place    | Note
-------+----------+-------------------------------------------
     0 | D:1      | infcreate the Vampire Enchanter began the quest for the
                  | Orb.
     0 | D:1      | Reached XP level 1. HP: 13/13 MP: 3/3
   455 | D:1      | Reached XP level 2. HP: 15/15 MP: 3/5
   458 | D:1      | Learned a level 2 spell: Ensorcelled Hibernation
  1123 | D:1      | Reached XP level 3. HP: 20/20 MP: 6/6
  1127 | D:1      | Learned a level 3 spell: Confusing Touch
  1260 | D:1      | Reached skill level 5 in Stealth
  2071 | D:2      | Reached skill level 5 in Hexes
  2506 | D:2      | Reached skill level 2 in Short Blades
  2506 | D:2      | Reached XP level 4. HP: 24/24 MP: 4/7
  2732 | D:2      | Reached skill level 3 in Dodging
  3096 | D:3      | Reached skill level 1 in Fighting
  3299 | D:3      | Noticed Terence
  3339 | D:3      | Reached XP level 5. HP: 29/29 MP: 4/8
  3840 | D:3      | Killed Terence
  4013 | D:3      | Noticed Jessica
  4020 | D:3      | Killed Jessica
  4186 | D:4      | Found an iron altar of Okawaru.
  4548 | D:4      | Reached skill level 6 in Stealth
  4654 | D:4      | Reached skill level 6 in Hexes
  4654 | D:4      | Reached XP level 6. HP: 34/34 MP: 9/9
  4747 | D:4      | Reached skill level 3 in Short Blades
  4953 | D:5      | Entered Level 5 of the Dungeon
  4953 | D:5      | Noticed a sky beast
  4962 | D:5      | Killed a sky beast
  5020 | D:5      | Reached skill level 4 in Dodging
  5028 | D:5      | Learned a level 3 spell: Tukima's Dance
  5690 | D:5      | Found a shimmering altar of Xom.
  5722 | D:5      | Reached XP level 7. HP: 39/39 MP: 8/11
  5822 | D:5      | Reached skill level 7 in Stealth
  5845 | D:5      | HP: 2/39 [shadow imp (2)]
  5909 | D:4      | Reached skill level 3 in Spellcasting
  6379 | D:5      | Reached skill level 2 in Fighting
  6379 | D:5      | Reached skill level 4 in Short Blades
  6379 | D:5      | Reached skill level 7 in Hexes
  7163 | D:6      | Reached XP level 8. HP: 44/44 MP: 3/12
  7170 | D:6      | Learned a level 3 spell: Dazzling Flash
  7191 | D:6      | Reached skill level 5 in Dodging
  7327 | D:6      | Found a staircase to the Ecumenical Temple.
  7332 | Temple   | Entered the Ecumenical Temple
  7385 | Temple   | Became a worshipper of Dithmenos the Shadowed
  7403 | D:6      | Quit the game

Vanquished Creatures
  2 sky beasts (D:5)
  2 ogres
  A scorpion (D:4)
  A hound (D:5)
  3 orc priests (D:5)
  Jessica (D:3)
  2 orc wizards (D:5)
  Terence (D:3)
  4 worker ants
  2 hound skeletons
  4 gnolls (D:5)
  11 adders
  3 shadow imps
  An ooze (D:1)
  An adder skeleton (D:5)
  2 worms
  2 dart slugs (D:1)
  4 leopard geckos
  5 orcs (D:5)
  9 bats
  3 giant cockroaches
  10 goblins
  8 hobgoblins
  7 jackals
  7 kobolds
  2 quokkas
  3 frilled lizards
  9 rats
110 creatures vanquished.

Vanquished Creatures (collateral kills)
  An ogre (D:5)
  An orc (D:5)
2 creatures vanquished.

Vanquished Creatures (others)
  A dancing weapon (D:6)
1 creature vanquished.

Grand Total: 113 creatures vanquished

Table legend: (Time is in decaauts)
 A = Elapsed time spent in this place.
 B = Non-inter-level travel time spent in this place.
 C = Inter-level travel time spent in this place.
 D = Time resting spent in this place.
 E = Time spent auto-exploring this place.
 F = Levels seen in this place.
 G = Mean time per level.
                   A        B        C        D        E       F      G
               +--------+--------+--------+--------+--------+-----+--------+
         Total |   7381 |   6976 |    405 |   1951 |   2111 |   7 | 1054.4 |
       Dungeon |   7314 |   6921 |    393 |   1951 |   2062 |   6 | 1219.0 |
        Temple |     66 |     54 |     12 |      0 |     49 |   1 |   66.0 |
               +--------+--------+--------+--------+--------+-----+--------+

Top non-repeatable levels by time:
     D:1: 2024 daAuts
     D:5: 1891 daAuts
     D:3: 1196 daAuts
     D:4: 1076 daAuts
     D:2: 934 daAuts
     D:6: 191 daAuts
  Temple: 66 daAuts

Table legend:
 A = Non-vault XP
 B = Vault XP
 C = Vault XP percentage of total XP
 D = Non-vault monster count
 E = Vault monster count
 F = Vault count percentage of total count
                 A         B        C        D         E       F
            +---------+---------+-------+---------+---------+-------
      Total |    1413 |      93 |   6.2 |     105 |       7 |   6.2
            +---------+---------+-------+---------+---------+-------
        D:1 |      55 |      13 |  19.1 |      31 |       3 |   8.8
        D:2 |      84 |       0 |   0.0 |      22 |       0 |   0.0
        D:3 |      50 |      80 |  61.5 |      11 |       4 |  26.7
        D:4 |     226 |       0 |   0.0 |       9 |       0 |   0.0
        D:5 |     823 |       0 |   0.0 |      28 |       0 |   0.0
        D:6 |     175 |       0 |   0.0 |       4 |       0 |   0.0
            +---------+---------+-------+---------+---------+-------
